Map: Interloper LE

Players

TheoRy

  • Race: Protoss Protoss
  • Spawn Location: 11:00

GAMETIME - Winner!

  • Race: Zerg Zerg
  • Spawn Location: 5:00

Event: WCS Montreal 2017

VOD

Have the link to the VOD?

Description

Time

  • Played on: Sept. 8, 2017, 11:17 a.m.
  • Length: 9:13

All games in this series

Show
View Real Time Build Order
Export as new Build Order

TheoRy Protoss 

Build Orders: 1 Gate Expand, Zealot Archon, Dark Templar Rush 

Get SALT Encoding   

  12  0:00  Probe (Chrono Boost)  
  13  0:11  Probe (Chrono Boost)  
  14  0:22  Pylon  
  14  0:24  Probe (Chrono Boost)  
  15  0:40  Probe (Chrono Boost)  
  15  0:41  Gateway  
  16  0:48  Assimilator  
  16  0:51  Probe (Chrono Boost)  
  17  1:01  Probe (Chrono Boost)  
  18  1:12  Probe (Chrono Boost), Pylon  
  19  1:22  Probe (Chrono Boost)  
  20  1:33  Probe (Chrono Boost)  
  21  1:40  Nexus  
  21  1:43  Probe (Chrono Boost)  
  21  1:44  Cybernetics Core  
  22  1:52  Assimilator  
  23  1:54  Probe (Chrono Boost)  
  23  2:00  Pylon  
  23  2:07  Pylon  
  23  2:25  Probe (Chrono Boost)  
  26  2:30  Adept (Chrono Boost)  
  26  2:32  Warp Gate  
  26  2:36  Probe  
  27  2:42  Twilight Council  
  27  2:48  Probe (Chrono Boost)  
  27  2:51  Probe (Chrono Boost)  
  28  2:54  Robotics Facility  
  29  3:00  Probe (Chrono Boost), Stalker  
  29  3:02  Probe (Chrono Boost)  
  33  3:11  Probe (Chrono Boost)  
  34  3:13  Probe (Chrono Boost)  
  35  3:21  Probe (Chrono Boost)  
  35  3:24  Probe (Chrono Boost), Dark Shrine  
  37  3:29  Gateway  
  37  3:32  Probe (Chrono Boost)  
  38  3:35  Probe (Chrono Boost)  
  38  3:40  Gateway  
  39  3:42  Gateway  
  39  3:55  Warp Prism (Chrono Boost)  
  41  3:57  Pylon  
  41  3:58  Pylon  
  41  4:01  Probe, Mothership Core  
  41  4:09  Pylon  
  42  4:14  Probe  
  43  4:21  Pylon  
  43  4:22  Probe  
  44  4:24  Assimilator, Probe  
  44  4:28  Assimilator  
  45  4:34  Probe  
  45  4:35  Probe  
  47  4:43  Nexus  
  47  4:46  Probe, Pylon  
  47  4:50  Probe  
  47  4:51  Dark Templar x2  
  53  5:01  Pylon  
  53  5:09  Dark Templar x2  
  57  5:15  Probe  
  57  5:18  Immortal (Chrono Boost)  
  57  5:19  Probe  
  63  5:25  Probe  
  63  5:27  Gateway  
  64  5:32  Sentry  
  64  5:33  Probe, Zealot  
  69  5:35  Archon  
  69  5:36  Archon  
  69  5:41  Pylon  
  69  5:44  Forge  
  69  5:45  Probe  
  69  5:49  Pylon  
  70  5:55  Probe  
  70  6:00  Probe  
  70  6:01  Immortal (Chrono Boost)  
  76  6:05  Robotics Facility  
  76  6:08  Probe  
  77  6:15  Dark Templar  
  77  6:16  Dark Templar  
  81  6:19  Probe x3  
  81  6:20  Pylon  
  81  6:22  Archon  
  84  6:31  Probe  
  85  6:35  Probe  
  85  6:37  Immortal (Chrono Boost)  
  90  6:40  Pylon x2  
  90  6:41  Probe  
  90  6:44  Photon Cannon, Probe  
  92  7:02  Templar Archives  
  92  7:05  Photon Cannon  
  92  7:08  Probe  
  96  7:10  Probe, Immortal (Chrono Boost)  
  96  7:11  Probe, Immortal (Chrono Boost)  
  103  7:18  Probe  
  103  7:20  Probe  
  103  7:21  Photon Cannon, Zealot  
  103  7:22  Zealot x3  
  113  7:23  Probe  
  113  7:29  Probe  
  100  7:33  Dark Templar  
  95  7:37  Probe  
  95  7:42  Zealot x2  
  95  7:43  Probe  
  98  7:49  Immortal (Chrono Boost)  
  98  7:50  Dark Templar  
  98  7:51  Probe  
  90  8:02  Zealot x2  
  92  8:10  Zealot x2  
  93  8:19  Probe  
  83  8:21  Immortal (Chrono Boost)  
  73  8:28  Probe  
  73  8:30  Zealot  
  69  8:34  High Templar x4  
  69  8:39  Archon x2  
  76  8:42  Photon Cannon, Gateway  
  76  8:45  Gateway  
  76  8:48  Pylon  
  67  9:08  Dark Templar  
  67  9:09  Zealot  
Show
View Real Time Build Order
Export as new Build Order

GAMETIME Zerg - Winner!

Build Orders: Hatch First 

Get SALT Encoding   

  12  0:00  Drone  
  13  0:08  Drone  
  14  0:16  Overlord  
  14  0:23  Extractor  
  14  0:24  Extractor, Drone  
  15  0:35  Drone x2  
  17  0:53  Hatchery  
  17  0:55  Drone  
  17  0:59  Drone  
  18  1:11  Extractor  
  18  1:15  Spawning Pool  
  16  1:20  Drone x2  
  18  1:31  Drone  
  19  1:37  Drone  
  20  2:02  Queen, Overlord  
  20  2:05  Queen  
  24  2:09  Zergling x2  
  24  2:13  Zergling x2  
  26  2:18  Metabolic Boost  
  26  2:23  Drone  
  26  2:25  Drone  
  28  2:30  Drone x2  
  30  2:47  Hatchery  
  30  2:51  Overlord  
  29  2:54  Drone  
  29  2:56  Drone  
  31  2:59  Drone  
  31  3:04  Drone  
  31  3:05  Drone  
  34  3:06  Drone  
  34  3:11  Drone  
  36  3:15  Zergling x6  
  36  3:16  Zergling x2  
  40  3:20  Overlord  
  40  3:23  Drone  
  40  3:24  Drone  
  42  3:27  Drone  
  42  3:30  Drone  
  44  3:38  Queen, Overlord  
  46  3:45  Drone  
  46  3:46  Drone x3  
  46  3:48  Drone  
  51  3:54  Drone x2  
  52  3:58  Roach Warren  
  52  4:00  Extractor  
  48  4:03  Drone x3  
  51  4:11  Overlord  
  51  4:13  Lair  
  50  4:18  Drone  
  50  4:19  Drone x2  
  53  4:30  Extractor, Drone x7  
  53  4:31  Extractor  
  58  4:33  Spore Crawler  
  58  4:38  Roach x2  
  61  4:41  Roach  
  61  4:42  Roach  
  65  4:46  Overlord  
  65  4:48  Roach  
  65  4:51  Roach  
  69  4:56  Drone x2  
  69  4:57  Drone  
  69  4:58  Overlord  
  69  4:59  Roach  
  72  5:07  Roach x3  
  72  5:10  Overseer  
  77  5:14  Roach x2  
  77  5:19  Drone x2  
  83  5:27  Extractor x2  
  81  5:30  Glial Reconstitution  
  81  5:39  Hatchery  
  81  5:41  Roach  
  82  5:45  Roach  
  82  5:48  Overlord x2  
  82  5:58  Overlord  
  82  5:59  Overlord x2  
  82  6:07  Roach, Overlord x2  
  82  6:09  Roach  
  86  6:12  Roach  
  86  6:14  Roach  
  86  6:16  Roach  
  92  6:19  Roach  
  92  6:21  Roach  
  92  6:23  Roach  
  98  6:27  Ravager, Roach  
  98  6:32  Roach x2  
  105  6:34  Ravager x2  
  105  6:36  Roach  
  105  6:39  Roach x2  
  110  6:42  Roach  
  110  6:45  Roach  
  114  6:49  Roach  
  114  6:52  Roach  
  118  6:55  Roach  
  118  6:57  Overlord  
  118  7:01  Ravager x2  
  122  7:05  Overlord x2  
  122  7:07  Overseer  
  122  7:12  Overlord  
  122  7:17  Roach x2  
  122  7:18  Roach  
  122  7:19  Roach  
  130  7:25  Roach  
  130  7:26  Roach x2  
  130  7:28  Roach  
  130  7:30  Roach  
  130  7:35  Roach x2  
  128  7:37  Roach  
  128  7:39  Roach  
  128  7:41  Roach  
  122  7:45  Roach x2  
  119  7:51  Roach x2  
  119  7:53  Roach  
  119  7:55  Drone x2  
  119  7:56  Drone  
  128  7:59  Evolution Chamber  
  115  8:09  Roach x4  
  115  8:17  Roach x2  
  115  8:18  Roach x2  
  119  8:20  Roach  
  119  8:22  Roach  
  119  8:24  Roach  
  117  8:27  Roach  
  117  8:30  Roach  
  117  8:32  Roach  
  119  8:36  Drone x3  
  122  8:44  Ravager x2  
  122  8:47  Roach  
  126  8:54  Roach  
Tags
 
Add a new tag
Caveats
  • Supply blocks, unpowered buildings, or Contaminate may cause inaccurate times.
  • Supply counts are checked every 10 seconds.